 Dungeon Crawl Stone Soup version 0.26.1-11-gd32895ea62 (webtiles) character file.

Game seed: 17422874980636236486

17277 hawla the Destroyer (level 12, -13/70 HPs)
             Began as a Deep Elf Conjurer on May 18, 2021.
             Was a Believer of Vehumet.
             Killed from afar by an efreet (26 damage)
             ... with a fireball
             ... on level 13 of the Dungeon on May 19, 2021.
             The game lasted 00:52:42 (17046 turns).

hawla the Destroyer (Deep Elf Conjurer)            Turns: 17046, Time: 00:52:43

Health: -13/70     AC:  9    Str:  4    XL:     12   Next: 17%
Magic:  18/27      EV: 18    Int: 29    God:    Vehumet [**....]
Gold:   356        SH:  7    Dex: 22    Spells: 22/29 levels left

rFire    . . .     SeeInvis .   A - +1 whip (venom)
rCold    . . .     Faith    .   u - +1 buckler
rNeg     . . .     Spirit   .   n - +0 robe (curse)
rPois    .         Reflect  .   (no helmet)
rElec    .         Harm     .   C - +1 cloak {Will+}
rCorr    .         Rampage  .   E - +2 pair of gloves {Dex+3}
Will     +++..                  (no boots)
Stlth    ++........             J - amulet of magic regeneration (curse)
HPRegen  0.21/turn              r - +6 ring of dexterity
MPRegen  0.45/turn              j - +4 ring of evasion

@: no status effects
A: hooves 2, molten scales 1, strong-willed 1, evolution 1, subdued magic 1
a: Renounce Religion


You were on level 13 of the Dungeon.
You worshipped Vehumet.
Vehumet was pleased with you.
You visited 2 branches of the dungeon, and saw 14 of its levels.

You collected 817 gold pieces.
You spent 461 gold pieces at shops.

Inventory:

Hand Weapons
 A - a +1 whip of venom (weapon)
Missiles
 c - 64 poisoned darts (quivered)
 e - 3 atropa-tipped darts
 k - 5 javelins
 y - 3 curare-tipped darts
Armour
 a - a +1 robe
 n - a cursed +0 robe (worn)
 u - a +1 buckler (worn)
 C - a +1 cloak of willpower (worn)
 E - a +2 pair of gloves of dexterity (worn)
Jewellery
 j - a +4 ring of evasion (right hand)
 q - an uncursed ring of stealth
 r - a +6 ring of dexterity (left hand)
 G - an uncursed ring of willpower
 J - a cursed amulet of magic regeneration (around neck)
Wands
 d - a wand of random effects (6)
 i - a wand of disintegration (14)
 s - a wand of flame (61)
 t - a wand of polymorph (12)
 w - a wand of paralysis (4)
 z - a wand of iceblast (5)
 D - a wand of enslavement (18)
Scrolls
 g - a scroll of summoning {unknown}
 h - 3 scrolls of teleportation
 l - 4 scrolls of amnesia
 m - 2 scrolls of identify
 H - 2 scrolls of silence {unknown}
 I - a scroll of random uselessness {unknown}
Potions
 b - 4 potions of flight
 f - 6 potions of curing
 o - a potion of heal wounds
 v - 3 potions of ambrosia
 x - a potion of cancellation
 B - 2 potions of berserk rage
 F - 2 potions of invisibility


   Skills:
 + Level 6.3 Fighting
 + Level 6.4 Staves
 - Level 1.0 Throwing
 - Level 3.0 Dodging
 - Level 3.0 Stealth
 - Level 4.0 Shields
 + Level 9.4 Spellcasting
 + Level 14.1 Conjurations
 - Level 6.0 Translocations
 + Level 5.5 Fire Magic
 - Level 2.0 Evocations


You had 22 spell levels left.
You knew the following spells:

 Your Spells              Type           Power        Failure   Level
a - Magic Dart            Conj           100%         0%          1
b - Searing Ray           Conj           100%         0%          2
c - Iskenderun's Mystic   Conj/Tloc      53%          1%          4

Your spell library contained the following spells:

 Spells                   Type           Power        Failure   Level
 Ignite Poison            Fire/Tmut/Pois 18%          4%          3
 Dazzling Flash           Conj/Hex       84%          1%          3
 Stone Arrow              Conj/Erth      84%          1%          3
 Fulminant Prism          Conj/Hex       21%          1%          4
 Beastly Appendage        Tmut           20%          3%          1
 Pain                     Necr           40%          3%          1
 Sandblast                Erth           20%          3%          1
 Summon Small Mammal      Summ           40%          3%          1
 Call Imp                 Summ           10%          4%          2
 Passwall                 Tmut/Erth      8%           4%          2
 Wereblood                Tmut           10%          4%          2
 Call Canine Familiar     Summ           10%          10%         3
 Spider Form              Tmut/Pois      5%           10%         3
 Summon Guardian Golem    Hex/Summ       10%          10%         3
 Ice Form                 Ice/Tmut       10%          32%         4
 Petrify                  Tmut/Erth      10%          32%         4
 Summon Ice Beast         Ice/Summ       10%          32%         4
 Summon Lightning Spire   Summ/Air       10%          32%         4
 Blade Hands              Tmut           5%           69%         5
 Lee's Rapid Deconstruct  Erth           5%           69%         5


Dungeon Overview and Level Annotations

Branches:
Dungeon (13/15)            Temple (1/1) D:6            Lair (0/6) D:9
    Orc (0/2) D:10
 Vaults: D:13-14

Altars:
Ashenzari
Cheibriados
Dithmenos
Elyvilon
Fedhas
Gozag
Hepliaklqana
Kikubaaqudgha
Makhleb
Nemelex Xobeh
Okawaru
Qazlal
Ru
Sif Muna
Trog
Uskayaw
Vehumet
Wu Jian
Xom
Yredelemnul
Zin
The Shining One

Shops:
D:7 *   D:8 ***

Annotations:
D:10 2 transporters, Contigo's ghost, journeyman MiBe
D:12 3 runed translucent doors, Eryximachus's ghost, novice DrTm


Innate Abilities, Weirdness & Mutations

You have hoof-like feet.
You are partially covered in molten scales. (AC +2)
You are strong-willed. (Will+)
You evolve.
Your spells are a little easier to cast, but a little less powerful.


Message History

Casting: Magic Dart (safe; 0% risk of failure)
Confirm with . or Enter, or press ? or * to list all spells.
Aiming: Searing Ray (safe; 0% risk of failure)
Press: ? - help, Shift-Dir - straight line, f/p - efreet
Aim: an efreet, wielding a +3 scimitar of flaming (6% to evade)
The searing ray hits the efreet.
The efreet is lightly wounded. (Press . to maintain the ray.)
The searing ray hits the efreet!
The efreet is moderately wounded.
The efreet gestures at you.
The fireball explodes!
The fireball engulfs you!!
* * * LOW HITPOINT WARNING * * *
The searing ray hits the efreet.
The efreet is heavily wounded.
As you read the scroll of fog, it crumbles to dust.
The scroll dissolves into smoke.
The efreet gestures at you.
The fireball explodes!
The fireball engulfs you!!
You die...

#.......# #.##
#..>....#
#####[###
#.......#
#.......#
+.......#
#.......#
#.....).#
#.......#
#.......#
+.......#
#.......#
#.......#
#.......+
#####§### #§@§§#
#§#### #R#
##§########
#.○.....>.#
######.°.......#
.......°.......#
######.........#
#?........#


You could see an efreet.

Vanquished Creatures
  3 hydras
  3 unseen horrors
  An ugly thing (D:11)
  Maurice (D:10)
  Psyche (D:8)
  2 komodo dragons
  6 trolls
  A shadow (D:11)
  A vampire (D:11)
  17 yaks
  A water moccasin (D:7)
  3 ice beasts
  6 orc warriors
  5 sky beasts
  5 ogres
  5 black bears
  7 phantoms
  3 centaurs
  3 big kobolds
  10 bullfrogs
  2 wyvern skeletons
  7 scorpions
  12 killer bees
  9 wights
  A howler monkey (D:6)
  3 centaur zombies
  6 bullfrog zombies
  7 hounds
  6 jellies
  2 bullfrog skeletons
  6 orc priests
  10 orc wizards
  2 centaur skeletons
  Natasha (thrice) (D:2)
  6 iguanas
  7 worker ants
  A killer bee zombie (D:9)
  2 hound zombies
  2 hound skeletons
  2 howler monkey zombies (D:5)
  4 worker ant zombies
  11 gnolls
  10 adders
  3 shadow imps
  3 white imps
  3 ufetubi
  3 oozes
  An adder skeleton (D:5)
  2 worms
  4 dart slugs
  9 leopard geckos
  32 orcs
  7 giant cockroaches
  11 goblins
  7 hobgoblins
  14 jackals
  9 quokkas
  2 ball pythons (D:4)
  A ball python skeleton (D:5)
  9 bats
  3 frilled lizards
  2 giant cockroach zombies (D:5)
  A jackal skeleton (D:5)
  20 kobolds
  A leopard gecko skeleton (D:5)
  A leopard gecko zombie (D:5)
  8 rats
361 creatures vanquished.

Vanquished Creatures (others)
  22 fungi (D:9)
  17 plants (D:9)
  A withered plant (D:5)
40 creatures vanquished.

Grand Total: 401 creatures vanquished

Notes
Turn   | Place    | Note
-------+----------+-------------------------------------------
     0 | D:1      | hawla the Deep Elf Conjurer began the quest for the Orb.
     0 | D:1      | Reached XP level 1. HP: 10/10 MP: 6/6
   325 | D:1      | Reached XP level 2. HP: 16/16 MP: 6/8
   328 | D:1      | Learned a level 2 spell: Searing Ray
   550 | D:1      | Reached skill level 1 in Translocations
   765 | D:1      | Reached XP level 3. HP: 20/20 MP: 6/10
  1115 | D:1      | Reached skill level 1 in Fighting
  1370 | D:2      | Noticed Natasha
  1571 | D:2      | Killed Natasha
  1572 | D:2      | Reached skill level 5 in Conjurations
  1572 | D:2      | Reached XP level 4. HP: 25/25 MP: 6/12
  1582 | D:2      | Noticed Natasha
  1592 | D:1      | Learned a level 4 spell: Iskenderun's Mystic Blast
  1643 | D:2      | Killed Natasha
  1653 | D:2      | Noticed Natasha
  1698 | D:2      | Killed Natasha
  1699 | D:2      | Reached XP level 5. HP: 29/29 MP: 9/13
  2222 | D:2      | Reached skill level 6 in Conjurations
  2345 | D:2      | Found a shadowy altar of Dithmenos.
  2548 | D:3      | Found a sparkling altar of Nemelex Xobeh.
  2848 | D:3      | Found a shimmering altar of Xom.
  2848 | D:3      | Found a faded altar of an unknown god.
  2856 | D:3      | Found a hide-covered altar of Uskayaw.
  2858 | D:3      | Found a faded altar of an unknown god.
  2860 | D:3      | Found a white marble altar of Elyvilon.
  3196 | D:3      | Found an iron altar of Okawaru.
  3196 | D:3      | Found an ornate altar of the Wu Jian Council.
  3759 | D:4      | Reached XP level 6. HP: 31/34 MP: 9/14
  3911 | D:4      | Reached skill level 7 in Conjurations
  4546 | D:4      | Reached XP level 7. HP: 33/38 MP: 0/15
  5163 | D:5      | Entered Level 5 of the Dungeon
  5187 | D:5      | Reached skill level 1 in Throwing
  5256 | D:5      | Reached skill level 1 in Shields
  5709 | D:5      | Reached skill level 5 in Spellcasting
  6315 | D:5      | Reached XP level 8. HP: 38/44 MP: 11/17
  6522 | D:5      | Reached skill level 8 in Conjurations
  6732 | D:5      | Reached skill level 5 in Translocations
  7321 | D:6      | Reached skill level 1 in Evocations
  7643 | D:6      | Found a staircase to the Ecumenical Temple.
  7657 | Temple   | Entered the Ecumenical Temple
  7808 | D:6      | Reached skill level 1 in Staves
  8249 | D:6      | Reached XP level 9. HP: 49/49 MP: 19/19
  8669 | D:7      | Found a stormy altar of Qazlal.
  8733 | D:7      | Reached skill level 9 in Conjurations
  8855 | D:7      | Found Vettug's General Store.
  8866 | D:7      | Reached skill level 1 in Fire Magic
  9638 | D:8      | Reached skill level 10 in Conjurations
  9823 | D:8      | Found an ancient bone altar of Kikubaaqudgha.
  9833 | D:8      | Found a shimmering blue altar of Sif Muna.
  9834 | D:8      | Found a radiant altar of Vehumet.
  9837 | D:8      | Identified Kikubaaqudgha's Incunabulum of Sinister Arts
  9848 | D:8      | Became a worshipper of Vehumet
  9983 | D:8      | Noticed Psyche
 10112 | D:8      | Paralysed by Psyche for 2 turns
 10333 | D:8      | Reached XP level 10. HP: 27/55 MP: 5/22
 10333 | D:8      | Killed Psyche
 10553 | D:8      | Found Donwigaqa's General Store.
 10559 | D:8      | Bought a potion of flight for 42 gold pieces
 10559 | D:8      | Bought 3 curare-tipped darts for 25 gold pieces
 10600 | D:8      | Found Kata's Assorted Antiques.
 10763 | D:8      | Found Cocuk's Assorted Antiques.
 10785 | D:8      | Bought a pair of glowing gloves for 142 gold pieces
 10785 | D:8      | Bought a wand of flame (10) for 19 gold pieces
 10785 | D:8      | Bought a runed scarf for 152 gold pieces
 10785 | D:8      | Bought a scroll of remove curse for 57 gold pieces
 10840 | D:8      | Bought a dark potion for 24 gold pieces
 11019 | D:9      | Reached skill level 11 in Conjurations
 11519 | D:9      | Reached skill level 12 in Conjurations
 11543 | D:9      | Found a snail-covered altar of Cheibriados.
 11629 | D:9      | Found a staircase to the Lair.
 11674 | D:9      | Found a flagged portal.
 12333 | D:10     | Entered Level 10 of the Dungeon
 12382 | D:10     | Noticed Maurice
 12392 | D:10     | Killed Maurice
 12513 | D:10     | Reached skill level 5 in Fighting
 12528 | D:10     | Reached * piety under Vehumet
 12528 | D:10     | Offered knowledge of Foxfire by Vehumet.
 12534 | D:10     | Gained mutation: Your body sometimes deteriorates upon
                  | taking damage. [potion of mutation]
 12534 | D:10     | Gained mutation: You have large cloven feet. [potion of
                  | mutation]
 12534 | D:10     | Gained mutation: You have hoof-like feet. [potion of
                  | mutation]
 12538 | D:10     | Reached XP level 11. HP: 26/63 MP: 20/25
 12797 | D:10     | Lost mutation: Your body sometimes deteriorates upon taking
                  | damage. [potion of mutation]
 12797 | D:10     | Lost mutation: You have hoof-like feet. [potion of
                  | mutation]
 12797 | D:10     | Gained mutation: Your spells are a little easier to cast,
                  | but a little less powerful. [potion of mutation]
 12797 | D:10     | Gained mutation: You are partially covered in molten
                  | scales. (AC +2) [potion of mutation]
 12797 | D:10     | Gained mutation: You evolve. [potion of mutation]
 12801 | D:10     | Found a transporter.
 12818 | D:10     | Gained mutation: You are strong-willed. (Will+) [evolution]
 12904 | D:10     | Found a transporter.
 12904 | D:10     | Noticed Contigo's ghost (journeyman MiBe)
 12969 | D:10     | Found a white marble altar of Elyvilon.
 13027 | D:10     | Reached skill level 13 in Conjurations
 13615 | D:10     | Found a staircase to the Orcish Mines.
 14157 | D:11     | You fall into a shaft and drop 1 floor!
 14172 | D:12     | Noticed a five-headed hydra
 14182 | D:12     | Killed a five-headed hydra
 14276 | D:12     | Found a blossoming altar of Fedhas.
 14541 | D:11     | Noticed a six-headed hydra
 14548 | D:11     | Killed a six-headed hydra
 14549 | D:11     | Reached skill level 5 in Fire Magic
 14817 | D:11     | Offered knowledge of Shock by Vehumet.
 14825 | D:11     | Killed an unseen horror
 14825 | D:11     | Reached ** piety under Vehumet
 15076 | D:11     | Reached skill level 5 in Staves
 15158 | D:11     | Noticed a green ugly thing
 15166 | D:11     | Killed a green ugly thing
 16148 | D:12     | Offered knowledge of Ignite Poison by Vehumet.
 16177 | D:12     | Killed an unseen horror
 16178 | D:12     | Reached skill level 14 in Conjurations
 16650 | D:12     | Reached XP level 12. HP: 70/70 MP: 22/27
 16691 | D:12     | Gained mutation: You have hoof-like feet. [evolution]
 16785 | D:12     | Found a runed translucent gate.
 16786 | D:12     | Found a runed translucent gate.
 16786 | D:12     | Found a runed translucent gate.
 16786 | D:12     | Noticed a centaur warrior
 16786 | D:12     | Noticed a tengu warrior
 16787 | D:12     | Noticed a centaur warrior
 16791 | D:12     | Noticed a merfolk javelineer
 16793 | D:12     | Identified the +5 broad axe "Zudann" {vorpal, *Slow Str+5}
 16793 | D:12     | Noticed a centaur warrior
 16794 | D:12     | Noticed Eryximachus's ghost (novice DrTm)
 16796 | D:12     | Noticed a naga warrior
 16806 | D:12     | Noticed a six-headed hydra
 16819 | D:12     | Killed a six-headed hydra
 16883 | D:12     | Found an iron altar of Okawaru.
 16993 | D:13     | Found a sparkling altar of Nemelex Xobeh.
 17046 | D:13     | Killed from afar by an efreet

Illustrated notes

Levels and vault maps discovered:
D:1:      lemuel_arrival_hallway, layout_basic
D:2:      layout_rooms, grunt_dithmenos_smoke, uniq_natasha
D:3:      layout_basic, marbit_many_paths, chequers_temple_overflow_minitemple,
          gammafunk_temple_overflow_pools, minmay_bisected
D:4:      cheibrodos_thug_alley, layout_basic, kennysheep_cross_room
D:5:      layout_basic, serial_undead, serial_undead_f, serial_undead_e,
          serial_undead_d, serial_undead_a, serial_undead_d,
          minmay_a_box_with_orc_wizards_in_it
D:6:      layout_cave_pods, minmay_temple_entry_fiery
D:7:      layout_rooms, kennysheep_mini_moat, serial_shops, shop
D:8:      layout_rooms, grunt_temple_overflow_magic_moments, serial_shops,
          kennysheep_little_box, shop, nicolae_shop_waterfront, uniq_psyche
D:9:      layout_cave_pools, cheibriados_altar_1,
          grunt_lair_entry_orc_guard_hut, enter_bailey_8
D:10:     layout_irregular_city, orc_0_dummy, gammafunk_ghost_arena,
          serial_column_ruins, column_ruins_open_large,
          column_ruins_corridor_water, column_ruins_corridor_T,
          column_ruins_open_medium, column_ruins_open_small,
          column_ruins_grid_1, elyvilon_altar_3, uniq_maurice
D:11:     layout_roguey
D:12:     layout_roguey, gammafunk_ghost_fury_of_okawaru, fedhas_altar_3
D:13:     layout_roguey, nemelex_xobeh_ov_fountains_minmay, uniq_rupert
Temple:   eino_temple_lava

Skill      XL: |  1  2  3  4  5  6  7  8  9 10 11 |
---------------+----------------------------------+-----
Translocations | 1 2 3 4 6 |  6.0
Fighting       | 1 2 4 5 6 |  6.3
Spellcasting   | 4 5 7 8 9 |  9.4
Conjurations   | 5 6 7 8 10 12 14 | 14.1
Stealth        | 3 |  3.0
Throwing       | 1 |  1.0
Dodging        | 3 |  3.0
Shields        | 2 3 4 |  4.0
Evocations     | 2 |  2.0
Staves         | 1 2 3 6 |  6.4
Fire Magic     | 3 4 5 |  5.5

Action                   |  1- 3 |  4- 6 |  7- 9 | 10-12 || total
-------------------------+-------+-------+-------+-------++-------
Melee: Whip              |       |       |    95 |   231 ||   326
       Unarmed           |       |       |     7 |       ||     7
       Quarterstaff      |       |       |     6 |     7 ||    13
       Kick              |       |       |       |    70 ||    70
 Cast: Magic Dart        |    41 |    24 |    18 |    20 ||   103
       Searing Ray       |    16 |    62 |    60 |    51 ||   189
       Iskenderun's Myst |       |       |    41 |   104 ||   145
Evoke: Wand              |       |       |     1 |     2 ||     3
  Use: Scroll            |     1 |     1 |    18 |    11 ||    31
       Potion            |       |       |     1 |    14 ||    15
 Stab: Sleeping          |       |       |     1 |     6 ||     7
Armor: Robe              |    10 |     7 |    44 |    95 ||   156
       Skin              |       |       |       |    15 ||    15
Dodge: Dodged            |    41 |    18 |   115 |   190 ||   364
Block: Buckler           |       |     1 |    37 |   114 ||   152
